 Dungeon Crawl Stone Soup version 0.18-a0-1-gfac8111 (webtiles) character file.

40 xeno23 the Chiller (level 3, 0/25 HPs)
             Began as a Merfolk Ice Elementalist on Oct 31, 2015.
             Slain by a worm (4 damage)
             ... on level 2 of the Dungeon.
             The game lasted 00:05:53 (1249 turns).

xeno23 the Chiller (Merfolk Ice Elementalist)       Turns: 1249, Time: 00:05:53

Health: 0/25       AC:  2    Str: 10    XL:     3   Next: 50%
Magic:  0/6        EV: 13    Int: 15    God:
Gold:   68         SH:  0    Dex: 14    Spells: 2 memorised, 2 levels left

rFire  . . .     SeeInvis .     g - +0 spear
rCold  . . .     Clarity  .     a - +0 robe
rNeg   . . .     SustAt   .     (no shield)
rPois  .         Gourm    .     (no helmet)
rElec  .         Spirit   .     (no cloak)
rCorr  .         Warding  .     (no gloves)
rMut   .         Stasis   .     (no boots)
MR     .....                    (no amulet)
Stlth  ++........               (no ring)
                                j - +2 ring of strength

@: not resistant to hostile enchantments, unstealthy
A: change form in water, swift swim
a: no special abilities


You were on level 2 of the Dungeon.
You were hungry.

You visited 1 branch of the dungeon, and saw 2 of its levels.

You collected 68 gold pieces.

Inventory:

Hand Weapons
 d - a +0 dagger
 g - a +0 spear (weapon)
Missiles
 i - 15 poisoned needles
Armour
 a - a +0 robe (worn)
Jewellery
 j - a +2 ring of strength (left hand)
Scrolls
 e - 2 scrolls of teleportation {unknown}
 f - a scroll of fog {unknown}
 m - a scroll of noise {unknown}
Potions
 h - a potion of cure mutation {unknown}
Books
 b - a book of Frost

   Spells                             Type                      Level
   a - Freeze                         Ice                          1
   b - Throw Frost                    Conjuration/Ice              2
   c - Ozocubu's Armour               Charms/Ice                   3
   d - Throw Icicle                   Conjuration/Ice              4
   e - Summon Ice Beast               Ice/Summoning                4
   f - Condensation Shield            Ice                          4
Comestibles
 c - a bread ration
 k - a royal jelly
 l - a meat ration
 n - 4 chunks of flesh
 o - a beef jerky


   Skills:
 + Level 0.9 Fighting
 - Level 2.6 Dodging
 - Level 2.1 Stealth
 + Level 2.3 Spellcasting
   Level 0.7 Conjurations
 * Level 0.2 Charms
 * Level 4.3 Ice Magic


You had 2 spell levels left.
You knew the following spells:

 Your Spells              Type           Power        Failure   Level  Hunger
a - Freeze                Ice            ##..         4%          1    #......
b - Ozocubu's Armour      Chrm/Ice       #.......     30%         3    ###....


Dungeon Overview and Level Annotations

Branches:
Dungeon (2/15)

Altars:
Nemelex Xobeh


Message History

The jackal is almost dead.
The jackal bites you.
* * * LOW HITPOINT WARNING * * *
Casting: Freeze
Confirm with . or Enter, or press ? or * to list all spells.
Aiming: Freeze
Press: ? - help, Shift-Dir - straight line, f/p - jackal
Aim: a jackal (almost dead)
You freeze the jackal.
You kill the jackal!
The goblin closely misses you.
Casting: Freeze
Confirm with . or Enter, or press ? or * to list all spells.
Aiming: Freeze
Press: ? - help, Shift-Dir - straight line, f - worm
Aim: a worm You freeze the worm.
The worm is moderately wounded.
The worm bites you.
You die...

..........>.....#######
..[....#.########
.......#.#
#......#.###########
#......#†...Kh.g..g#
#...........######.#
................##.#
.....#.(..g..##w##.#
.....#.......##.@gK#
..####..K....#######
..# #...........
..####w.....####.#
..#.†.......#
....)...#####
#............
.............
#.............


You could see a worm, a goblin and a kobold.

Vanquished Creatures
  An adder (D:2)
  A worm (D:2)
  2 bats (D:1)
  A giant cockroach (D:2)
  7 goblins
  6 hobgoblins
  3 jackals (D:2)
  A kobold (D:1)
  5 rats
  A plant (D:1)
28 creatures vanquished.

Notes
Turn   | Place    | Note
--------------------------------------------------------------
     0 | D:1      | xeno23 the Merfolk Ice Elementalist began the quest for the Orb.
     0 | D:1      | Reached XP level 1. HP: 13/13 MP: 3/3
   240 | D:1      | Reached XP level 2. HP: 18/20 MP: 3/5
   615 | D:1      | Reached skill level 4 in Ice Magic
   667 | D:1      | Found a sparkling altar of Nemelex Xobeh.
  1138 | D:2      | Reached XP level 3. HP: 20/25 MP: 2/6
  1143 | D:2      | Learned a level 3 spell: Ozocubu's Armour
  1249 | D:2      | Slain by a worm

Vault maps used:
D:1:      denvon_arrival_planthouse, serial_bayou_pond_a, nemelex_deck
D:2:      ecumenical_altar_1, first_bread, minmay_liquid_box

Action                   || total
-------------------------++-------
Melee: Spear             ||   136
       Dagger            ||     2
       Unarmed           ||     1
 Cast: Freeze            ||    22
 Stab: Sleeping          ||     6
  Eat: Chunk             ||     1
